AoeStats
← lE ponk

Arabia

504854598Analyzed
1v1 RM · 27d ago on Sep 6, 2026· 43m 44s· 2 players
Game mode
Random Map
Map size
Tiny (2 player)
Population
200
Speed
Normal
Resources
Standard
Victory
Conquest
Starting age
Dark Age
Ending age
Imperial Age
RankedLock teamsTeams togetherTeam positionsShared explorationLock speedFull tech treeHidden civsTurbo modeCheats
Victory
Defeat
🇸🇪 Celts · Sweden
948
+15
🇦🇷 Berbers · Argentina
933
-15
SacristeE
8:28 Loom
10:42 Feudal Age
11:17 Double-Bit Axe
11:14 Horse Collar
17:23 Wheelbarrow
20:41 Castle Age
22:04 Bow Saw
23:44 Fletching
24:01 Husbandry
26:11 Bodkin Arrow
26:17 Padded Archer Armor
26:31 Heavy Plow
27:36 Bloodlines
28:26 Thumb Ring
29:53 Ballistics
30:05 Gold Mining
30:10 Stone Mining
30:36 Scale Barding Armor
30:42 Forging
34:55 Chain Barding Armor
35:10 Iron Casting
34:52 Leather Archer Armor
40:11 Imperial Age
42:18 Conscription
43:31 Plate Barding Armor
lE ponk
7:46 Loom
10:01 Feudal Age
10:25 Horse Collar
10:32 Double-Bit Axe
18:11 Scale Mail Armor
20:57 Castle Age
18:47 Man-at-Arms
19:44 Arson
21:52 Wheelbarrow
23:01 Long Swordsman
23:28 Gambesons
25:49 Gold Mining
26:11 Bow Saw
26:05 Heavy Plow
28:01 Chain Mail Armor
33:39 Forging
36:46 Imperial Age
35:29 Iron Casting
39:31 Chemistry
38:04 Two-Handed Swordsman
38:53 Champion
43:24 Plate Mail Armor
43:54 Blast Furnace
Connection lost

Rejoining the realm…

Still unreachable

The connection could not be restored.

Session expired

The server has moved on; the page needs a fresh start.